Map: Acropolis LE

Players

HeroMarine

  • Race: Terran Terran
  • League: Grandmaster
  • Spawn Location: 5:00

llllllllllll (GuMiho) - Winner!

  • Race: Terran Terran
  • League: Master
  • Spawn Location: 11:00

Event: 2019 Assembly Summer

VOD

Have the link to the VOD?

Description

Time

  • Played on: Aug. 2, 2019, 1:54 p.m.
  • Length: 13:52

All games in this series

Show
View Real Time Build Order
Export as new Build Order

HeroMarine Terran 

Build Orders: Gas First Reaper Expand 

Get SALT Encoding   

  12  0:00  SCV  
  13  0:13  SCV  
  14  0:17  Supply Depot  
  14  0:25  SCV  
  14  0:27  Refinery  
  15  0:39  SCV  
  16  0:45  Barracks  
  16  0:51  SCV  
  17  1:03  SCV  
  18  1:15  SCV  
  19  1:32  Reaper, Orbital Command  
  20  1:44  Command Center  
  20  1:57  Factory  
  20  1:58  SCV  
  21  2:05  Barracks Reactor  
  21  2:11  SCV  
  21  2:15  Supply Depot  
  22  2:21  Refinery  
  22  2:23  SCV  
  23  2:37  SCV  
  24  2:43  Hellion  
  24  2:44  Marine, Starport  
  25  2:47  Marine  
  25  2:49  SCV  
  28  2:58  Orbital Command  
  28  3:01  SCV  
  28  3:02  Marine  
  28  3:05  Marine  
  31  3:06  Factory Tech Lab  
  31  3:13  SCV  
  32  3:21  Marine  
  32  3:22  Marine  
  32  3:24  SCV  
  32  3:25  SCV  
  35  3:36  SCV  
  35  3:37  Supply Depot, SCV  
  35  3:38  Raven  
  35  3:41  Factory Tech Lab  
  37  3:43  Marine, Bunker  
  37  3:44  Marine  
  39  3:49  SCV x2  
  41  3:59  Refinery  
  41  4:00  Cyclone  
  41  4:01  SCV x2  
  41  4:02  Marine  
  47  4:03  Marine  
  47  4:07  Supply Depot  
  48  4:13  SCV  
  48  4:14  SCV  
  50  4:20  Marine  
  50  4:21  Marine  
  52  4:25  Raven  
  52  4:29  SCV x2  
  54  4:41  Marine, SCV x2  
  54  4:42  Cyclone, Marine  
  61  4:46  Supply Depot  
  61  4:53  SCV  
  62  5:02  Supply Depot  
  62  5:08  SCV  
  62  5:09  Supply Depot  
  62  5:10  SCV  
  64  5:14  Siege Tank  
  64  5:20  SCV  
  67  5:22  Viking  
  67  5:23  Viking, Marine  
  67  5:28  Supply Depot  
  72  5:29  SCV  
  72  5:32  SCV  
  71  5:41  Marine, SCV  
  73  5:44  SCV  
  73  5:49  Siege Tank  
  70  5:53  SCV  
  70  5:56  SCV  
  67  5:59  Marine  
  66  6:04  Viking x2  
  66  6:05  SCV  
  66  6:08  SCV  
  70  6:17  Marine, SCV  
  71  6:19  Command Center  
  71  6:20  SCV  
  71  6:22  Siege Tank  
  75  6:29  Refinery  
  77  6:35  Marine, Engineering Bay  
  77  6:38  Viking  
  78  6:44  Viking  
  78  6:48  SCV x2  
  78  6:52  Marine  
  79  7:00  SCV x2  
  79  7:01  Siege Tank  
  82  7:08  Viking  
  82  7:10  Marine  
  82  7:12  SCV x2  
  82  7:14  Viking  
  78  7:24  SCV  
  78  7:25  SCV  
  78  7:28  Marine  
  78  7:33  Siege Tank, Orbital Command  
  78  7:35  Barracks  
  78  7:36  SCV  
  78  7:37  Barracks, SCV  
  83  7:41  Viking  
  85  7:46  Marine, Terran Infantry Weapons Level 1  
  85  7:47  Engineering Bay  
  85  7:48  SCV  
  85  7:49  SCV  
  86  7:54  Viking  
  85  8:01  Stimpack, Orbital Command, SCV x2  
  85  8:04  Marine  
  88  8:12  Viking, Refinery  
  90  8:13  Refinery, SCV x2  
  90  8:21  Marine  
  90  8:25  Supply Depot, SCV x2  
  93  8:27  SCV  
  93  8:29  Barracks Reactor x2  
  96  8:37  Terran Infantry Armor Level 1, Command Center, SCV x2  
  96  8:39  SCV  
  99  8:46  Medivac x2  
  101  8:49  SCV  
  101  8:51  Barracks, SCV x2  
  101  8:53  Barracks  
  104  8:56  Supply Depot  
  104  9:00  Marine  
  104  9:01  SCV  
  106  9:03  SCV  
  106  9:04  SCV  
  106  9:09  Starport  
  108  9:13  Supply Depot x2, Siege Tank, SCV  
  108  9:14  Barracks Tech Lab  
  108  9:16  Armory, Viking, SCV  
  115  9:17  Viking  
  115  9:22  Marine x2, Marauder  
  121  9:28  Supply Depot  
  121  9:29  Supply Depot  
  121  9:33  SCV x2  
  121  9:35  Combat Shield  
  125  9:39  Marine  
  125  9:40  Marine  
  125  9:42  SCV  
  125  9:45  SCV x2  
  131  9:50  Starport  
  131  9:51  Fusion Core  
  132  9:54  Marine, SCV  
  132  9:55  Marine x3  
  132  9:57  SCV x2  
  132  9:59  Marine x2  
  136  10:00  Siege Tank  
  136  10:06  SCV  
  139  10:09  SCV  
  139  10:12  Marine  
  139  10:13  Marine x2, Terran Infantry Weapons Level 2  
  139  10:14  Terran Vehicle Weapons Level 1, Supply Depot  
  144  10:17  Marine x2  
  144  10:19  Medivac x2  
  144  10:20  Medivac x2  
  153  10:26  Refinery  
  153  10:27  Refinery  
  152  10:32  Siege Tank, Barracks Reactor x2  
  152  10:33  Marine  
  152  10:34  Marine, Barracks  
  152  10:35  Marine, Barracks  
  157  10:38  Marine  
  157  10:40  Planetary Fortress  
  158  10:44  Sensor Tower  
  158  10:50  Liberator x2  
  158  10:51  Marine  
  158  10:52  Marine  
  158  10:53  Marine  
  158  10:56  Marine  
  162  11:04  Siege Tank  
  162  11:08  Marine x3  
  162  11:09  Marine  
  162  11:10  Marine x2  
  175  11:14  Marine  
  175  11:15  Viking x2  
  176  11:20  Marine  
  163  11:26  Marine x3  
  163  11:27  Marine  
  163  11:28  Marine x2  
  163  11:32  Marine  
  168  11:33  Terran Infantry Armor Level 2  
  168  11:36  Siege Tank  
  168  11:38  Marine  
  156  11:43  Marine  
  156  11:44  Marine x2  
  156  11:45  Marine  
  156  11:46  Marine x2  
  153  11:49  Marine  
  153  11:50  Command Center x2  
  153  11:51  Viking x2  
  153  11:53  Viking  
  160  11:55  Marine  
  160  11:56  Viking  
  159  12:01  Marine x2  
  159  12:02  Marine  
  159  12:04  Marine x2  
  164  12:08  Siege Tank  
  164  12:10  Marine x2  
  164  12:11  Marine  
  164  12:12  Factory  
  164  12:13  Marine  
  171  12:17  Barracks Reactor  
  171  12:19  Marine x3  
  171  12:21  Viking x2  
  171  12:22  Marine x2  
  180  12:24  Supply Depot  
  180  12:30  Viking  
  179  12:37  Viking  
  173  12:51  Viking  
  173  12:53  Viking  
  173  12:54  Barracks Reactor x2  
  173  12:56  Marine x3  
  173  12:57  Marine x2  
  181  12:59  Marine x4  
  181  13:00  Viking  
  181  13:02  Siege Tank  
  184  13:08  Viking  
  175  13:14  Marine x4  
  175  13:15  Marine  
  175  13:16  Marine  
  175  13:17  Marine x3  
  164  13:21  Viking  
  156  13:32  Marine x5  
  156  13:33  Marine x2  
Show
View Real Time Build Order
Export as new Build Order

llllllllllll Terran - Winner!

Build Orders: 1/1/1, Banshee Rush 

Get SALT Encoding   

  12  0:00  SCV  
  13  0:12  SCV  
  14  0:17  Supply Depot  
  14  0:24  SCV  
  14  0:27  Refinery  
  15  0:39  SCV  
  16  0:44  Barracks  
  16  0:51  SCV  
  16  0:54  Refinery  
  17  1:03  SCV  
  18  1:15  SCV  
  19  1:31  Orbital Command  
  19  1:32  Reaper  
  20  1:33  Factory  
  20  1:46  Supply Depot  
  20  1:56  SCV  
  21  2:04  Reaper  
  22  2:09  SCV  
  23  2:18  Starport  
  23  2:21  SCV  
  26  2:28  Command Center  
  24  2:32  Widow Mine  
  26  2:40  Barracks Tech Lab, SCV  
  27  2:46  Supply Depot  
  27  2:52  SCV  
  28  3:04  SCV  
  29  3:05  Cloaking Field  
  29  3:07  Banshee  
  32  3:16  SCV  
  32  3:17  Barracks Reactor  
  33  3:22  Factory Tech Lab  
  33  3:28  Refinery, SCV  
  34  3:40  SCV  
  34  3:41  Orbital Command  
  35  3:50  Banshee  
  35  3:53  SCV  
  39  3:59  Supply Depot, Marine x2, Siege Tank  
  44  4:05  SCV  
  44  4:07  SCV  
  46  4:17  Marine x2, SCV  
  46  4:20  SCV  
  46  4:21  Supply Depot  
  50  4:29  SCV  
  51  4:32  SCV  
  51  4:33  Siege Tank  
  51  4:35  Banshee  
  58  4:39  Marine x2  
  58  4:41  SCV  
  58  4:44  SCV  
  61  4:53  SCV  
  61  4:56  Command Center, SCV  
  61  4:59  Supply Depot  
  63  5:01  Supply Depot  
  63  5:07  SCV  
  63  5:08  SCV  
  63  5:11  Siege Tank  
  68  5:26  SCV x2  
  70  5:34  Viking x2  
  74  5:36  Stimpack  
  74  5:38  SCV x2  
  72  5:50  Marine, Siege Tank, SCV x2  
  73  6:02  SCV x2  
  71  6:05  Viking x2  
  71  6:09  Refinery  
  73  6:15  Marine  
  73  6:16  SCV x2  
  73  6:18  Barracks  
  70  6:19  Orbital Command  
  70  6:20  Barracks, Engineering Bay x2  
  70  6:28  SCV x2  
  72  6:35  Viking x2  
  76  6:40  Siege Tank, SCV x2  
  76  6:41  Marine  
  81  6:56  SCV x3  
  81  6:59  Marine  
  85  7:04  Supply Depot  
  85  7:08  SCV x3  
  84  7:09  Viking x2  
  84  7:12  Siege Tank  
  86  7:16  Marine  
  86  7:20  SCV x3  
  85  7:27  Barracks Reactor  
  85  7:28  Barracks Reactor  
  85  7:29  Terran Infantry Armor Level 1, Terran Infantry Weapons Level 1  
  85  7:32  SCV x2  
  85  7:33  SCV  
  85  7:34  Supply Depot, Marine  
  85  7:35  Barracks  
  85  7:36  Barracks  
  89  7:37  Refinery  
  89  7:38  Refinery  
  89  7:39  Viking  
  89  7:44  SCV  
  89  7:45  SCV x2  
  89  7:48  Viking  
  94  7:56  SCV  
  94  7:57  SCV x2  
  94  8:00  Marine, Command Center  
  94  8:02  Combat Shield  
  94  8:03  Marine  
  94  8:04  Marine x2  
  94  8:05  Marine  
  99  8:08  SCV  
  99  8:09  Supply Depot, SCV x2  
  99  8:10  Supply Depot  
  102  8:15  Supply Depot, Armory  
  104  8:20  SCV  
  104  8:21  SCV x2  
  104  8:23  Marine  
  104  8:24  Marine x3  
  111  8:31  Barracks Reactor x2  
  111  8:33  Medivac, SCV x3  
  111  8:34  Medivac  
  116  8:35  Marine  
  116  8:41  Marine  
  117  8:42  Marine x3, Siege Tank  
  117  8:45  Supply Depot  
  124  8:52  Marine  
  124  8:54  Supply Depot  
  125  8:59  Marine x2  
  125  9:00  Marine x2  
  129  9:08  Marine x3  
  129  9:09  Marine  
  133  9:10  Marine  
  135  9:17  Terran Vehicle And Ship Armor Level 1, Marine  
  135  9:20  Refinery, Starport  
  135  9:21  Viking x2  
  139  9:24  Terran Infantry Weapons Level 2, Terran Infantry Armor Level 2  
  139  9:29  Siege Tank, Barracks Reactor  
  142  9:35  Marine x5  
  142  9:36  Marine x2, Refinery  
  149  9:44  Supply Depot  
  149  9:45  Liberator x2  
  149  9:46  Orbital Command  
  149  9:52  Viking x2, Marine x2  
  153  9:53  Marine  
  153  9:59  Supply Depot  
  159  10:08  Marine, Siege Tank  
  159  10:09  Marine x5  
  159  10:10  Marine  
  169  10:16  Supply Depot  
  169  10:18  Supply Depot  
  169  10:19  Supply Depot  
  169  10:20  Marine x2  
  171  10:26  Marine x2  
  171  10:27  Marine x4  
  177  10:28  Viking x2  
  181  10:36  Marine  
  181  10:38  Marine x2  
  183  10:44  Siege Tank  
  186  10:55  Marine x3  
  186  10:56  Marine x2, Viking  
  186  10:57  Viking, Marine  
  195  10:58  Marine x2  
  198  11:05  Liberator x2  
  198  11:09  Liberator  
  192  11:16  Marine x3  
  180  11:19  Marine  
  180  11:21  Marine x2  
  180  11:23  Marine x2  
  180  11:24  Marine  
  169  11:29  Liberator  
  169  11:31  Siege Tank  
  174  11:34  Marine x3  
  174  11:37  Marine  
  174  11:39  Marine x2  
  152  11:40  Marine x2  
  152  11:41  Marine  
  152  11:52  Marine x3  
  155  11:54  Marine  
  155  11:57  Marine x2  
  155  11:58  Marine x2  
  155  11:59  Marine  
  161  12:03  Siege Tank  
  161  12:06  Viking x2  
  168  12:10  Marine x3, Starport  
  168  12:12  Marine, Starport x2  
  168  12:15  Marine x2, Viking  
  176  12:16  Marine x2  
  176  12:17  Marine  
  176  12:18  Command Center  
  179  12:27  Marine  
  179  12:28  Marine x2  
  179  12:29  Viking  
  184  12:30  Marine  
  184  12:33  Marine x2  
  184  12:34  Marine x2  
  184  12:35  Marine, Siege Tank  
  184  12:36  Viking x2  
  197  12:41  Factory  
  197  12:45  Marine x2  
  197  12:49  Marine x2  
  192  12:53  Viking  
  192  12:54  Marine x3  
  192  12:55  Marine x2  
  198  12:59  Viking  
  198  13:03  Marine  
  197  13:10  Marine  
  197  13:11  Marine  
  196  13:13  Marine  
  196  13:14  Marine x2  
  193  13:21  Marine  
  193  13:23  Marine  
  193  13:24  Marine x2  
  195  13:27  Starport Tech Lab x2  
  195  13:28  Starport Tech Lab, Marine x2  
  195  13:29  Fusion Core  
  195  13:31  Marine  
  200  13:34  Refinery  
  200  13:40  Refinery  
Tags
 
Add a new tag
Caveats
  • Supply blocks, unpowered buildings, or Contaminate may cause inaccurate times.
  • Supply counts are checked every 10 seconds.